 Dungeon Crawl Stone Soup version 0.31-a0-654-gbe3e110b4e (webtiles) character file.

Game seed: 7110370336961621300

12256 Artus the Grappler (level 11, 0/166 HPs)
             Began as a Troll Shapeshifter on Aug 30, 2023.
             Was a Priest of Trog.
             Slain by a white draconian
             ... wielding the +12 Maxwell's thermic engine {flame, freeze, rev}
              (3 damage)
             ... in an ice cave.
             The game lasted 00:19:58 (9559 turns).

Artus the Grappler (Troll Shapeshifter)             Turns: 9559, Time: 00:19:58

Health: 0/166      AC: 10    Str: 28    XL:     11   Next: 60%
Magic:  10/10      EV: 10    Int:  6    God:    Trog [***...]
Gold:   609        SH:  0    Dex:  9    Spells: 10/10 levels left

rFire   . .          .
                       - Unarmed
rCold   . . .        (no shield)
rNeg    . . .        g - +0 swamp dragon scales
rPois   +            (helmet currently unavailable)
rElec   .            (cloak currently unavailable)
rCorr   .            (gloves unavailable)
SInv    .            (boots unavailable)
Will    .....        (no amulet) Stlth
                     j - ring of flight
HPRegen 1.27/turn    (no ring)
MPRegen 0.12/turn

%: no passive effects
@: berserking, beast-form, flying, very quick
A: beast (slay +4), large, unfitting armour, claws 3, regeneration 1, shaggy fur
1, tough skin 1
a: Begin Untransformation, Renounce Religion, Berserk, Trog's Hand


You were in an ice cave.
You worshipped Trog.
Trog was most pleased with you.
You were a hulking beast.
You visited 3 branches of the dungeon, and saw 11 of its levels.
You also visited: Ice Cave.

You collected 781 gold pieces.
You spent 172 gold pieces at shops.

Inventory:

Missiles
 o - a throwing net
Armour
 g - +0 swamp dragon scales (worn)
 A - a +1 hat
Jewellery
 j - a ring of flight (left claw)
Talismans
 c - a beast talisman (active)
 d - a flux talisman
 s - a maw talisman
Wands
 w - a wand of polymorph (16)
 y - a wand of iceblast (10)
 D - a wand of mindburst (26)
Scrolls
 a - 2 scrolls of identify
 i - a scroll of brand weapon
 k - a scroll of summoning {unknown}
 p - 2 scrolls of teleportation {unknown}
 r - 2 scrolls of fog {unknown}
 t - a scroll of fear {unknown}
 v - 2 scrolls of vulnerability {unknown}
 x - 3 scrolls of enchant armour
 z - a scroll of blinking {unknown}
 B - a scroll of enchant weapon {unknown}
Potions
 b - 4 potions of lignification
 e - a potion of mutation {unknown}
 f - a potion of attraction
 h - 6 potions of curing
 l - 2 potions of cancellation
 m - a potion of magic
 q - a potion of berserk rage
 u - a potion of ambrosia {unknown}
 C - a potion of might {unknown}


   Skills:
 + Level 8.1 Fighting
 + Level 3.8 Armour
 - Level 6.0 Dodging
 + Level 10.2 Unarmed Combat
 + Level 9.5 Shapeshifting


You had 10 spell levels left.
You didn't know any spells.
Your spell library contained the following spells:

 Spells                   Type           Power      Damage    Failure   Level
 Summon Small Mammal      Summ           0%         N/A       56%         1
 Call Canine Familiar     Summ           0%         N/A       91%         3
 Summon Guardian Golem    Hex/Summ       0%         N/A       91%         3
 Volatile Blastmotes      Fire/Tloc      0%         2d10      91%         3
 Fulminant Prism          Conj/Hex       0%         3d5       100%        4
 Iskenderun's Mystic Bla  Conj/Tloc      0%         2d3       100%        4


Dungeon Overview and Level Annotations

Branches:
Dungeon (9/15)             Temple (1/1) D:7            Lair (1/5) D:9
  IceCv (1/1)
    Orc: D:9-12

Altars:
Ashenzari
Cheibriados
Dithmenos
Elyvilon
Fedhas
Gozag
Hepliaklqana
Kikubaaqudgha
Makhleb
Nemelex Xobeh
Okawaru
Qazlal
Ru
Sif Muna
Trog
Uskayaw
Vehumet
Wu Jian
Xom
Yredelemnul
Zin
The Shining One

Shops:
D:2 (!*=*   D:9 *

Portals:
Abyss: D:9

Annotations:
D:6 2 runed translucent doors, exclusion: door, soul19's ghost, novice SpBr
D:9 2 transporters, LobsterGuardian's ghost, novice SpDe
Temple 2 transporters
Lair:1 Gastronok


Innate Abilities, Weirdness & Mutations

You are a hulking beast.
Your limbs bulge with bestial killing power. (Slay +4)
You are too large for most types of armour.
You have claws for hands.
Your natural rate of healing is unusually fast.
You are covered in fur. (AC +1)
You have tough skin. (AC +1)


Message History

You see here a rime drake skeleton.
The white draconian roars!
The white draconian breathes frost at you.
The blast of cold hits you!
You start resting.
A white draconian is nearby!
The white draconian hits you with the +2 Maxwell's thermic engine {flame, freeze, rev}!!
The white draconian burns you! The white draconian freezes you.
You mangle the white draconian!!
The white draconian is moderately wounded.
The white draconian hits you with the +4 Maxwell's thermic engine {flame, freeze, rev}!
The white draconian burns you! The white draconian freezes you.
You claw the white draconian!
The white draconian is heavily wounded.
The white draconian hits you with the +6 Maxwell's thermic engine {flame, freeze, rev}!
* * * LOW HITPOINT WARNING * * *
The white draconian burns you.
* * * LOW HITPOINT WARNING * * *
The white draconian freezes you.
* * * LOW HITPOINT WARNING * * *
A red film seems to cover your vision as you go berserk!
You feel yourself moving faster!
You feel mighty!
The white draconian hits you with the +8 Maxwell's thermic engine {flame, freeze, rev}!
* * * LOW HITPOINT WARNING * * *
The white draconian burns you.
* * * LOW HITPOINT WARNING * * *
The white draconian freezes you.
* * * LOW HITPOINT WARNING * * *
Okay, then.
Unknown command.
You mangle the white draconian!!
The white draconian is severely wounded.
You barely miss the white draconian. Your claw misses the white draconian.
The white draconian is severely wounded.
The white draconian hits you with the +10 Maxwell's thermic engine {flame, freeze, rev}!
* * * LOW HITPOINT WARNING * * *
The white draconian burns you.
* * * LOW HITPOINT WARNING * * *
The white draconian freezes you.
You die...

###..##
#.##÷.#
#....##
#..###
###.##
##≈≈≈≈##
#≈≈≈≈≈≈#
#≈≈≈≈≈##
#h#≈###
#d.##
##$$[$.Z$$
[$"=....$
##$"......
###......
##....
###.


You could see a white draconian.

Vanquished Creatures
  A catoblepas (Lair:1)
  2 two-headed ogres (D:9)
  Pikel (D:9)
  5 elephants (Lair:1)
  2 ice statues (IceCv)
  Maggie (D:9)
  Jeremiah (Lair:1)
  6 rime drakes
  A polar bear (D:8)
  6 blink frogs (Lair:1)
  Sigmund (D:2)
  2 steam dragons (D:8)
  5 orc warriors
  2 ice beasts (D:9)
  2 ogres
  2 wolves (D:9)
  5 centaurs
  A lemure (D:9)
  5 kobold brigands
  3 gnoll sergeants
  2 bullfrogs
  2 scorpions (D:6)
  4 wights (D:6)
  4 lindwurm simulacra (IceCv)
  8 killer bees
  A howler monkey (D:9)
  2 komodo dragon simulacra (IceCv)
  A hound (D:6)
  2 jellies
  A gnoll bouda (D:8)
  4 orc priests
  3 iguanas
  A sleepcap (D:6)
  5 orc wizards
  20 gnolls
  3 adders
  5 acid dragon simulacra (IceCv)
  A shadow imp (D:7)
  3 white imps
  4 steam dragon simulacra (IceCv)
  2 worms
  A dart slug (D:1)
  41 orcs
  7 bats
  3 endoplasms
  A giant cockroach (D:1)
  5 goblins
  10 hobgoblins
  3 jackals (D:3)
  23 kobolds
  3 quokkas
  4 ball pythons
  3 frilled lizards
  2 rats (D:3)
238 creatures vanquished.

Notes
Turn   | Place    | Note
-------+----------+-------------------------------------------
     0 | D:1      | Artus the Troll Shapeshifter began the quest for the Orb.
     0 | D:1      | Reached XP level 1. HP: 18/18 MP: 0/0
    28 | D:1      | Reached skill level 1 in Fighting
   169 | D:1      | Reached XP level 2. HP: 27/27 MP: 1/1
   425 | D:1      | Found a faded altar of an unknown god.
   570 | D:1      | Reached XP level 3. HP: 30/33 MP: 2/2
   735 | D:2      | Found a burning altar of Makhleb.
   806 | D:2      | Found Ahugg's Distillery.
   813 | D:2      | Noticed a +0 giant spiked club
   816 | D:2      | Bought a potion of curing for 39 gold pieces
   816 | D:2      | Bought a potion of curing for 39 gold pieces
   816 | D:2      | Found Diukh's Weapon Emporium.
   820 | D:2      | Noticed a +0 quick blade
   995 | D:2      | Noticed Sigmund
  1013 | D:2      | Killed Sigmund
  1014 | D:2      | Reached skill level 4 in Unarmed Combat
  1014 | D:2      | Reached XP level 4. HP: 31/44 MP: 3/3
  1014 | D:2      | Reached XP level 5. HP: 36/50 MP: 4/4
  1051 | D:2      | Found Muek Hah's General Store.
  1053 | D:2      | Found Xiuxtimpe's Jewellery Emporium.
  1089 | D:2      | Found Geuvvyec's Assorted Antiques.
  1106 | D:2      | Noticed an ogre
  1111 | D:2      | Killed an ogre
  1112 | D:2      | Reached XP level 6. HP: 22/59 MP: 5/5
  2006 | D:2      | Bought a potion of curing for 33 gold pieces
  2051 | D:2      | Bought a potion of curing for 39 gold pieces
  2092 | D:2      | Bought a scroll of identify for 22 gold pieces
  2396 | D:4      | Reached skill level 5 in Unarmed Combat
  2585 | D:4      | Reached XP level 7. HP: 67/67 MP: 6/6
  2907 | D:5      | Entered Level 5 of the Dungeon
  2926 | D:5      | Found a glowing golden altar of the Shining One.
  3178 | D:5      | Reached skill level 5 in Shapeshifting
  3608 | D:6      | Found a runed translucent door.
  3621 | D:6      | Noticed soul19's ghost (novice SpBr)
  3955 | D:6      | Found a runed translucent door.
  4352 | D:6      | Reached XP level 8. HP: 71/78 MP: 7/7
  4358 | D:6      | Reached skill level 6 in Unarmed Combat
  5126 | D:7      | Found a staircase to the Ecumenical Temple.
  5634 | D:7      | Reached skill level 5 in Fighting
  5890 | D:8      | Found a burning altar of Makhleb.
  5907 | D:8      | Found a bloodstained altar of Trog.
  5925 | D:8      | Became a worshipper of Trog the Wrathful
  5936 | D:8      | Found a hide-covered altar of Uskayaw.
  6156 | D:8      | Reached skill level 7 in Unarmed Combat
  6156 | D:8      | Reached XP level 9. HP: 71/88 MP: 8/8
  6409 | D:8      | Reached * piety under Trog
  6538 | D:8      | Found a stormy altar of Qazlal.
  7040 | Temple   | Found a transporter.
  7040 | Temple   | Found a transporter.
  7040 | Temple   | Found a transporter.
  7040 | Temple   | Found a transporter.
  7040 | Temple   | Entered the Ecumenical Temple
  7196 | D:9      | Noticed Pikel
  7224 | D:9      | Killed Pikel
  7225 | D:9      | Reached skill level 5 in Dodging
  7247 | D:9      | Reached ** piety under Trog
  7248 | D:9      | Reached skill level 8 in Unarmed Combat
  7329 | D:9      | Noticed a polar bear
  7384 | D:9      | Noticed a rime drake
  7384 | D:9      | Noticed Maggie
  7409 | D:8      | Killed a polar bear
  7410 | D:8      | Reached XP level 10. HP: 33/98 MP: 9/9
  7531 | D:9      | Found a staircase to the Lair.
  7555 | D:9      | Noticed a two-headed ogre
  7578 | D:9      | Killed a two-headed ogre
  7582 | D:9      | Killed Maggie
  7713 | D:9      | Noticed a two-headed ogre
  7762 | D:9      | Killed a two-headed ogre
  7768 | D:9      | Reached skill level 9 in Unarmed Combat
  7883 | D:9      | Found Zinief's CLEARANCE SALE!.
  7998 | D:9      | Noticed LobsterGuardian's ghost (novice SpDe)
  8001 | D:9      | Found a transporter.
  8018 | D:9      | Found a one-way gate to the infinite horrors of the Abyss.
  8025 | D:9      | Noticed a wizard
  8031 | D:9      | Found a transporter.
  8061 | D:9      | Reached *** piety under Trog
  8151 | D:9      | Noticed a hell hog
  8208 | Lair:1   | Entered Level 1 of the Lair of Beasts
  8228 | Lair:1   | Noticed Jeremiah
  8255 | Lair:1   | Killed Jeremiah
  8256 | Lair:1   | Reached skill level 1 in Armour
  8260 | Lair:1   | Noticed a catoblepas
  8276 | Lair:1   | Killed a catoblepas
  8319 | Lair:1   | Reached XP level 11. HP: 26/109 MP: 10/10
  8612 | Lair:1   | Noticed Gastronok
  8619 | Lair:1   | Found a frozen archway.
  8626 | IceCv    | Entered an ice cave
  8849 | IceCv    | Reached skill level 10 in Unarmed Combat
  9166 | IceCv    | Noticed a white draconian
  9559 | IceCv    | HP: 6/166 [white draconian/the +10 Maxwell's thermic engine
                  | {flame, freeze, rev} (8)]
  9559 | IceCv    | Slain by a white draconian

Illustrated notes

Levels and vault maps discovered:
D:1:      psy_arrival_basics, layout_basic,
          shapermc_ecumenical_altar_mp_ritualfount
D:2:      layout_basic, serial_shops, shop, shop, nicolae_shop_mannequins,
          nicolae_shop_industrial_runoff, nicolae_shop_pleasant_corner_grove,
          basic_altar, uniq_sigmund
D:3:      layout_basic, minmay_misc_feat_tower
D:4:      layout_cave_pods
D:5:      layout_gridville, mainiacjoe_overflow_boulevard
D:6:      layout_basic, ebering_ghost_sewer_f
D:7:      layout_gridville, minmay_temple_entry_from_below_a,
          corexii_corridor_pit
D:8:      layout_gridville, nicolae_overflow_quartered_altars, special_room
          [special_room_orc]
D:9:      layout_roguey, hellmonk_lair_entry_icy,
          gammafunk_ghost_abyssal_escape, st_stairs_13, nicolae_shop_clearance,
          uniq_maggie, uniq_pikel
Temple:   hellmonk_temple_divided_pantheon
Lair:1:   layout_cave_pods, portal_ice_cave_rime, lemuel_fruit_tree,
          uniq_amaemon, uniq_jeremiah, uniq_gastronok
IceCv:    ice_cave_small_dragons

Skill      XL: |  1  2  3  4  5  6  7  8  9 10 11 |
---------------+----------------------------------+-----
Fighting       | 1 2 3 4 5 6 7 8 |  8.1
Unarmed Combat | 4 5 7 8 9 10 | 10.2
Shapeshifting  | 4 5 6 7 8 9 |  9.5
Dodging        | 2 4 5 6 |  6.0
Armour         | 2 3 |  3.8

Action                     |  1- 3 |  4- 6 |  7- 9 | 10-12 || total
---------------------------+-------+-------+-------+-------++-------
  Melee: Unarmed           |    71 |    67 |   287 |   189 ||   614
         Punch             |       |     1 |    10 |    12 ||    23
 Invoke: Berserk           |       |       |       |     5 ||     5
    Use: Scroll            |       |     6 |     3 |       ||     9
         Potion            |       |       |     2 |       ||     2
 Armour: Animal skin       |    27 |    24 |    49 |     2 ||   102
         Swamp dragon scal |       |       |       |    58 ||    58
  Dodge: Dodged            |    29 |    30 |   139 |    60 ||   258
   Form: Beast             |       |       |     1 |       ||     1
         Maw               |       |       |     1 |       ||     1

Table legend: (Time is in decaauts)
 A = Elapsed time spent in this place.
 B = Non-inter-level travel time spent in this place.
 C = Inter-level travel time spent in this place.
 D = Time resting spent in this place.
 E = Time spent auto-exploring this place.
 F = Levels seen in this place.
 G = Mean time per level.
                   A        B        C        D        E       F      G
               +--------+--------+--------+--------+--------+-----+--------+
         Total |   9525 |   8989 |    536 |   1490 |   5423 |  12 |  793.8 |
       Dungeon |   8145 |   7609 |    536 |    660 |   5404 |   9 |  905.0 |
        Temple |     29 |     29 |      0 |      0 |      0 |   1 |   29.0 |
          Lair |    418 |    418 |      0 |    115 |     19 |   1 |  418.0 |
      Ice Cave |    931 |    931 |      0 |    715 |      0 |   1 |  931.0 |
               +--------+--------+--------+--------+--------+-----+--------+

Top non-repeatable levels by time:
     D:8: 1302 daAuts
     D:6: 1236 daAuts
     D:7: 1034 daAuts
     D:9: 990 daAuts
   IceCv: 931 daAuts
     D:3: 802 daAuts
     D:4: 756 daAuts
     D:1: 724 daAuts
     D:5: 683 daAuts
     D:2: 614 daAuts
  Lair:1: 418 daAuts
  Temple: 29 daAuts
